 Dungeon Crawl Stone Soup version 0.29-a0-870-g2c972031a6 (webtiles) character file.

Game seed: 5569017714359619263

378 nxtlvl the Cutter (level 6, -1/36 HPs)
             Began as a Deep Elf Monk on July 17, 2022.
             Was a Believer of Vehumet.
             Slain by a gnoll bouda
             ... wielding a +0 whip
              (5 damage)
             ... on level 5 of the Dungeon.
             The game lasted 00:17:37 (1939 turns).

nxtlvl the Cutter (Deep Elf Monk)                   Turns: 1939, Time: 00:17:38

Health: -1/36      AC:  3    Str:  8    XL:     6   Next: 45%
Magic:  12/12      EV: 14    Int: 17    God:    Vehumet [**....]
Gold:   223        SH:  0    Dex: 23    Spells: 9/10 levels left

rFire   . . .      SeeInvis .   a - +0 short sword
rCold   . . .      Faith    +   (no shield)
rNeg    . . .      Spirit   .   f - +0 robe
rPois   .          Reflect  .   o - +0 helmet
rElec   .          Harm     .   (no cloak)
rCorr   .          Rampage  .   (no gloves)
Will    .....                   (no boots)
Stlth   +++.......              n - amulet of faith
HPRegen 0.12/turn               i - +6 ring of dexterity
MPRegen 0.13/turn               (no ring)

@: no status effects
A: no striking features
a: Renounce Religion


You were on level 5 of the Dungeon.
You worshipped Vehumet.
Vehumet was pleased with you.
You visited 2 branches of the dungeon, and saw 6 of its levels.

You collected 223 gold pieces.

Inventory:

Hand Weapons
 a - a +0 short sword (weapon)
 b - a +0 vorpal sling
Missiles
 d - 13 stones
 k - a poisoned dart (quivered)
Armour
 f - a +0 robe (worn)
 o - a +0 helmet (worn)
Magical Staves
 g - a staff of fire
Jewellery
 i - a +6 ring of dexterity (left hand)
 n - an amulet of faith (around neck)
Wands
 c - a wand of paralysis (4)
Scrolls
 e - a scroll of identify
 j - a scroll of poison {unknown}
 l - 2 scrolls of fog
 m - a scroll of teleportation
 p - a scroll of enchant weapon {unknown}
 q - a scroll of enchant armour {unknown}
 r - a scroll of fear {unknown}
 s - a scroll of noise {unknown}
Potions
 h - 3 potions of curing


   Skills:
 - Level 2.4 Fighting
 - Level 6.0 Short Blades
 - Level 3.9 Dodging
 - Level 2.4 Stealth
 + Level 2.7 Spellcasting
 * Level 3.3 Conjurations


You had 9 spell levels left.
You knew the following spells:

 Your Spells              Type           Power      Damage    Failure   Level
z - Magic Dart            Conj           52%        1d5       4%          1

Your spell library contained the following spells:

 Spells                   Type           Power      Damage    Failure   Level
 Poisonous Vapours        Pois/Air       4%         N/A       26%         2
 Beastly Appendage        Tmut           4%         N/A       19%         1
 Wereblood                Tmut           2%         N/A       26%         2
 Spider Form              Tmut/Pois      2%         N/A       47%         3


Dungeon Overview and Level Annotations

Branches:
Dungeon (5/15)             Temple (1/1) D:5

Altars:
Ashenzari
Elyvilon
Fedhas
Gozag
Kikubaaqudgha
Makhleb
Trog
Vehumet
Yredelemnul
Zin

Annotations:
D:2 1 runed translucent door, Crazy Yiuf
D:3 3 runed translucent doors, jimonade's ghost, amateur DsHW; nxtlvl's ghost, weakling DEMo


Message History

Press: ? - help, Shift-Dir - straight line, f - gnoll
Aim: a gnoll, wielding a +0 club (covering ground quickly, chance to affect: 57%)
The gnoll resists with significant effort.
The gnoll bouda closely misses you. The gnoll hits you with a +0 club.
Aiming: Paralyse
Press: ? - help, Shift-Dir - straight line, f/p - gnoll
Aim: a gnoll, wielding a +0 club (covering ground quickly, chance to affect: 57%)
The gnoll suddenly stops moving!
The gnoll bouda misses you.
You closely miss the gnoll bouda.
The gnoll bouda is lightly wounded.
You closely miss the gnoll bouda.
The gnoll bouda is lightly wounded.
The gnoll bouda hits you with a +0 whip.
You hit the gnoll bouda but do no damage.
The gnoll bouda is lightly wounded.
Your attacks no longer feel as feeble.
The gnoll bouda closely misses you.
You hit the gnoll bouda.
The gnoll bouda is moderately wounded.
The gnoll bouda closely misses you.
The helpless gnoll fails to defend itself.
You impale the gnoll!!
You kill the gnoll!
Vehumet accepts your kill.
You feel your power returning.
You hear a splash.
The gnoll is no longer moving quickly.
The gnoll bouda barks out a call to the hunt!
The gnoll picks up the pace!
You barely miss the gnoll bouda.
The gnoll bouda is moderately wounded.
You closely miss the gnoll bouda.
The gnoll bouda is moderately wounded.
The gnoll bouda hits you with a +0 whip!
* * * LOW HITPOINT WARNING * * *
You hit the orc.
The orc is lightly wounded.
The orc closely misses you.
The gnoll bouda hits you with a +0 whip.
You die...

#.....##.##≈≈.≈≈##.##.##
########..##.###.≈≈≈≈≈≈≈l###..#
#...#.....##.##≈≈≈≈≈≈≈≈≈#≈###.#
#.#...#...##.#≈≈≈≈≈≈≈≈≈#≈#≈#..#
#.>......####.≈≈≈≈#≈≈≈≈≈≈≈≈..!#
########..###≈≈≈≈≈#≈#≈≈≈≈≈≈≈#.#
##.##≈≈≈≈.≈≈≈≈≈#(≈≈≈#≈...
#...≈≈≈g≈≈#..<≈.(.#≈≈.##
##...go@..♣.<...(.≈≈..#
#..≈≈≈..≈≈...≈≈.≈≈≈≈##
##.≈≈≈≈≈≈≈≈≈≈#≈≈≈≈≈≈#
#.#≈≈≈≈≈≈≈≈≈≈≈#≈≈≈##
#.#.≈≈≈≈≈≈≈≈#≈≈≈≈.#
#..#≈≈≈≈≈≈≈≈#≈≈≈≈..#
#'###≈≈≈≈≈≈≈≈#≈≈....
#.....#.≈≈≈≈≈≈≈.#..#. #.
....##≈≈.≈≈##...


You could see a gnoll bouda, a gnoll (swift) and an orc.

Vanquished Creatures
  A water moccasin (D:5)
  2 iguanas (D:5)
  2 orc wizards (D:5)
  2 gnolls (D:5)
  6 adders
  2 ufetubi (D:5)
  2 worms (D:4)
  9 dart slugs
  7 orcs
  3 bats
  7 endoplasms
  A giant cockroach (D:1)
  4 goblins
  2 hobgoblins
  4 jackals (D:3)
  3 quokkas (D:4)
  3 ball pythons
  3 frilled lizards
  5 kobolds
  3 rats
71 creatures vanquished.

Vanquished Creatures (others)
  3 plants (D:4)
  3 withered plants (D:4)
6 creatures vanquished.

Grand Total: 77 creatures vanquished

Notes
Turn   | Place    | Note
-------+----------+-------------------------------------------
     0 | D:1      | nxtlvl the Deep Elf Monk began the quest for the Orb.
     0 | D:1      | Reached XP level 1. HP: 13/13 MP: 3/3
   133 | D:1      | Reached XP level 2. HP: 10/18 MP: 4/4
   257 | D:2      | Reached skill level 4 in Short Blades
   341 | D:2      | Found a runed translucent door.
   342 | D:2      | Noticed Crazy Yiuf
   384 | D:2      | Reached XP level 3. HP: 21/22 MP: 5/5
   590 | D:3      | Noticed a moth of wrath
   593 | D:3      | Found a bloodstained altar of Trog.
   714 | D:3      | Found a white marble altar of Elyvilon.
   877 | D:4      | Reached skill level 5 in Short Blades
   877 | D:4      | Reached XP level 4. HP: 27/27 MP: 6/6
   904 | D:4      | Found an ancient bone altar of Kikubaaqudgha.
   904 | D:4      | Found a blossoming altar of Fedhas.
   976 | D:4      | Noticed a black bear
  1120 | D:3      | Found a runed translucent gate.
  1120 | D:3      | Found a runed translucent gate.
  1120 | D:3      | Found a runed translucent gate.
  1122 | D:3      | Noticed nxtlvl's ghost (weakling DEMo)
  1122 | D:3      | Noticed jimonade's ghost (amateur DsHW)
  1260 | D:4      | Found a burning altar of Makhleb.
  1263 | D:4      | Found a glowing silver altar of Zin.
  1263 | D:4      | Noticed an angel
  1265 | D:4      | Noticed a balrug
  1351 | D:5      | Entered Level 5 of the Dungeon
  1486 | D:5      | Reached XP level 5. HP: 24/31 MP: 7/7
  1513 | D:5      | Reached skill level 6 in Short Blades
  1590 | D:5      | Found a staircase to the Ecumenical Temple.
  1599 | Temple   | Entered the Ecumenical Temple
  1610 | Temple   | Became a worshipper of Vehumet
  1610 | Temple   | Reached * piety under Vehumet
  1610 | Temple   | Offered knowledge of Magic Dart by Vehumet.
  1610 | Temple   | Reached ** piety under Vehumet
  1613 | Temple   | Learned a level 1 spell: Magic Dart
  1667 | D:5      | Offered knowledge of Poisonous Vapours by Vehumet.
  1706 | D:5      | Reached skill level 1 in Spellcasting
  1706 | D:5      | Reached skill level 1 in Conjurations
  1793 | D:5      | Noticed a water moccasin
  1837 | D:5      | Killed a water moccasin
  1838 | D:5      | Reached XP level 6. HP: 27/36 MP: 8/11
  1939 | D:5      | Slain by a gnoll bouda

Illustrated notes

Levels and vault maps discovered:
D:1:      reono_arrival_forest_river, layout_basic, serial_bayou_ford_a
D:2:      layout_loops_corners, serial_shops, nicolae_shop_advertising_works
          [nicolae_subvault_shop_adworks],
          dreamdust_ecumenical_altar_hidden_monk_grotto, uniq_terence,
          uniq_crazy_yiuf_cottage, uniq_natasha
D:3:      layout_basic, lemuel_doored_altar, tgw_trog, gammafunk_ghost_cemetery,
          uniq_robin
D:4:      layout_loops_ring, grunt_temple_overflow_growth_and_decay,
          grunt_temple_overflow_order_and_chaos_2
D:5:      kennysheep_slugbush, layout_basic, minmay_temple_entry_purple_smoke,
          portal_sewer_entry_b
Temple:   jpeg_temple_clearing

Skill      XL: |  1  2  3  4  5  6 |
---------------+-------------------+-----
Short Blades   | 4 5 6 |  6.0
Spellcasting   | 2 |  2.7
Conjurations   | 2 3 |  3.3
Fighting       | |  2.4
Dodging        | |  3.9
Stealth        | |  2.4

Action                   |  1- 3 |  4- 6 || total
-------------------------+-------+-------++-------
Melee: Short sword       |    45 |   132 ||   177
       Punch             |       |     3 ||     3
 Fire: Sling             |    48 |    47 ||    95
Throw: Dart              |       |    15 ||    15
 Cast: Magic Dart        |       |     3 ||     3
Evoke: Wand              |       |     4 ||     4
  Use: Scroll            |       |     7 ||     7
       Potion            |       |     4 ||     4
 Stab: Paralysed         |       |     4 ||     4
       Sleeping          |       |     1 ||     1
Armor: Robe              |    10 |    20 ||    30
Dodge: Dodged            |    26 |   116 ||   142

Table legend: (Time is in decaauts)
 A = Elapsed time spent in this place.
 B = Non-inter-level travel time spent in this place.
 C = Inter-level travel time spent in this place.
 D = Time resting spent in this place.
 E = Time spent auto-exploring this place.
 F = Levels seen in this place.
 G = Mean time per level.
                   A        B        C        D        E       F      G
               +--------+--------+--------+--------+--------+-----+--------+
         Total |   1935 |   1871 |     64 |      0 |     17 |   6 |  322.5 |
       Dungeon |   1911 |   1855 |     56 |      0 |     17 |   5 |  382.2 |
        Temple |     24 |     16 |      8 |      0 |      0 |   1 |   24.0 |
               +--------+--------+--------+--------+--------+-----+--------+

Top non-repeatable levels by time:
     D:5: 538 daAuts
     D:3: 489 daAuts
     D:4: 418 daAuts
     D:1: 262 daAuts
     D:2: 202 daAuts
  Temple: 24 daAuts
